[Event "*** Titled Tuesday Blitz"]
[Site "Chess.com"]
[Date "2020.05.19"]
[Round "1"]
[White "chito89"]
[Black "SlavenPastar"]
[Result "1-0"]
[WhiteElo "2728"]
[BlackElo "2387"]
[TimeControl "180+1"]
[EndTime "12:08:18 PDT"]
[Termination "chito89 won by resignation"]

1. d4 d5 2. c4 dxc4 3. Nf3 Nf6 4. e3 Bg4 5. Bxc4 e6 6. h3 Bh5 7. O-O Nc6 8. Be2 Bd6 9. Nbd2 O-O 10. Nc4 Qe7 11.
b3 Nd5 12. Bb2 f5 13. Rc1 Rac8 14. Nfe5 Bxe2 15. Nxc6 Bxd1 16. Nxe7+ Bxe7 17. Rfxd1 Bf6 18. Na5 Rb8 19. Ba3 Rfc8 20. Kf1 Kf7 21. Ke2 Be7 22.
Bxe7 Kxe7 23. f3 c6 24. g3 Rd8 25. e4 Nf6 26. Ke3 g6 27. g4 h5 28. g5 Nh7 29.
h4 Nf8 30. Nc4 Nd7 31. Rc2 Kf7 32. Rdc1 Kg7 33. b4 Nb6 34. Ne5 Nd7 35. Nd3 Rf8 36.
a4 Rf7 37. b5 cxb5 38. axb5 fxe4 39. fxe4 Rbf8 40. Rf2 Nb6 41. Rxf7+ Rxf7 42. Ne5 Re7 43. Ra1 Nc8 44. Rc1 Nd6 45. Rb1 Rc7 46. Kd3 Nf7 47. Nc4 Rd7 48. b6 axb6 49. Rxb6 e5 50. d5 Rc7 51. Re6 b5 52. Nxe5 Nxe5+ 53. Rxe5 Rd7 54. Re6 Ra7 55. Rb6 Ra3+ 56. Kd4 Rh3 57. Rb7+ Kf8 58. d6 Rxh4 59. Rb8+ Kf7 60. d7 1-0

[Event "*** Titled Tuesday Blitz"]
[Site "Chess.com"]
[Date "2020.05.19"]
[Round "1"]
[White "Isajevsky_Anton"]
[Black "Saxar85"]
[Result "1-0"]
[WhiteElo "2401"]
[BlackElo "2709"]
[TimeControl "180+1"]
[EndTime "12:08:19 PDT"]
[Termination "Isajevsky_Anton won by resignation"]

1. c4 d6 2. g3 e5 3. Bg2 f5 4.
Nc3 Nf6 5. d3 Be7 6. e3 c6 7.
Nge2 O-O 8. O-O Na6 9. b3 Be6 10.
Bb2 Qe8 11. Qd2 Qh5 12. f4 Rae8 13. h3 Qg6 14. Kh2 Nc7 15. Rae1 Nd7 16. e4 Qh6 17. d4 fxe4 18. dxe5 d5 19. cxd5 cxd5 20. Nd4 Nc5 21. Re3 Nd3 22. Rxd3 exd3 23. Qxd3 Bc8 24. f5 Kh8 25. e6 Rd8 26. Bc1 Qf6 27. h4 h6 28.
Bf4 Bd6 29. Nce2 b6 30. Qe3 Ba6 31. Rc1 Nb5 32. Bxd6 Rxd6 33. a4 Nxd4 34. Nxd4 Re8 35. Rc7 Re7 36. Rc2 Kh7 37. Bf3 g6 38. Bg4 g5 39. h5 Bb7 40. Bf3 a6 41. g4 Rd8 42.
Kh3 Rd6 43. Rc3 Rd8 44. Rc2 Rd6 45. b4 Rd8 46. a5 b5 47. Rc5 Rd6 48. Be2 Rd8 49.
Kg3 Rd6 50. Kf2 Rd8 51. Ke1 Rd6 52. Kd2 Rd8 53. Kd3 Rd6 54. Qg3 Rd8 55. Rc7 Re8 56.
Bf3 Kg7 57. Rc5 Kf8 58. Qd6 Kg7 59. Rc7 Kf8 60. Rxb7 1-0

[Event "*** Titled Tuesday Blitz"]
[Site "Chess.com"]
[Date "2020.05.19"]
[Round "1"]
[White "ChessWarrior7197"]
[Black "cukus"]
[Result "0-1"]
[WhiteElo "2918"]
[BlackElo "2471"]
[TimeControl "180+1"]
[EndTime "12:08:20 PDT"]
[Termination "cukus won by resignation"]

1. e4 c6 2. d4 d5 3. e5 Bf5 4.
Nf3 e6 5. Be2 Nd7 6. O-O Ne7 7.
Nh4 Be4 8. Nd2 c5 9. c3 Nc6 10. Nxe4 dxe4 11. g3 cxd4 12. cxd4 Be7 13. d5 exd5 14. Nf5 Ndxe5 15. Nxg7+ Kf8 16. Nf5 Qd7 17. Nxe7 Kxe7 18. b3 Qf5 19. f4 exf3 20. Bxf3 Nxf3+ 21. Rxf3 Qe6 22. Re3 Ne5 23. Ba3+ Kd7 24. Qd4 f6 25. Rd1 Rhc8 26. Rd2 Rc6 27. Qh4 Re8 28. Qxh7+ Kc8 29. Qh4 Nf3+ 30. Rxf3 Qe1+ 31. Kg2 Qxd2+ 32. Kh3 Qe2 33.
Qg4+ Qe6 34. Qxe6+ Rexe6 35. Bb2 Rc2 36. Bxf6 Ree2 37.
g4 Rxh2+ 38. Kg3 Rcg2+ 39. Kf4 Rf2 40. g5 Rxf3+ 41. Kxf3 Kd7 42. g6 Ke6 43. g7 Kf7 44. Ke3 Rxa2 45. Kd4 Rb2 46. Kc3 Rg2 47. Bd4 a5 48.
Bb6 Rg3+ 49. Kd4 Rxb3 50. Bxa5 Kxg7 51. Be1 Rb5 52. Ke5 Kf7 53. Bh4 d4+ 54. Ke4 Ke6 55.
Bf2 Rb4 56. Bxd4 Rxd4+ 57. Kxd4 Kd6 58. Kc4 Kc6 59. Kb3 Kb5 60. Kc3 Ka4 61. Kc4 b5+ 62.
Kc3 Ka3 63. Kc2 b4 64. Kb1 Kb3 65. Ka1 Kc2 66. Ka2 b3+ 0-1

[Event "*** Titled Tuesday Blitz"]
[Site "Chess.com"]
[Date "2020.05.19"]
[Round "1"]
[White "Godzillator"]
[Black "WonderChampion"]
[Result "0-1"]
[WhiteElo "2455"]
[BlackElo "1934"]
[TimeControl "180+1"]
[EndTime "12:08:20 PDT"]
[Termination "WonderChampion won on time"]

1. d4 d5 2. c4 e6 3. cxd5 exd5 4.
Nc3 c6 5. Qc2 Ne7 6. Bg5 Bf5 7.
Qxf5 Nxf5 8. Bxd8 Kxd8 9. e3 Bd6 10. Bd3 Ne7 11. Nf3 Kc7 12. Ng5 f6 13. Ne6+ Kd7 14. Nxg7 Rg8 15. Nf5 Nxf5 16. Bxf5+ Ke7 17. O-O h5 18. e4 dxe4 19. Nxe4 Bc7 20. Rfe1 Kf7 21. Nc5 b6 22. Be6+ Kg7 23. Bxg8 Kxg8 24. Ne6 Bd6 25. Rac1 h4 26. h3 c5 27. dxc5 bxc5 28. Nxc5 Kf7 29. Ne4 Be5 30. Rc7+ Bxc7 31. Nc5 Nc6 32.
Rc1 Bb6 33. Ne4 Ne5 34. Kf1 Rd8 35. a3 Ke7 36. Rc2 f5 37. Nc3 Nd3 38. f3 Nc5 39. b4 Ne6 40. Re2 Kf6 41. Nb5 Nf4 42. Re1 Rd5 43.
Nc3 Rd3 44. Nb5 a6 45. Rc1 Kg7 46. Nc7 Rxa3 47. Na8 Nd5 48. Rc6 Be3 49. Rd6 Nf4 50.
Rd7+ Kg6 51. Rd1 Ra2 52. Nc7 Rf2+ 53. Ke1 Rxg2 54. Rd6+ Kg7 55. Ne8+ Kf7 56. Nc7 Ke7 0-1

[Event "*** Titled Tuesday Blitz"]
[Site "Chess.com"]
[Date "2020.05.19"]
[Round "1"]
[White "gross-aleks"]
[Black "lelya96"]
[Result "1-0"]
[WhiteElo "2561"]
[BlackElo "2262"]
[TimeControl "180+1"]
[EndTime "12:08:22 PDT"]
[Termination "gross-aleks won by resignation"]

1. c4 Nf6 2. Nf3 e6 3. b3 b6 4. Bb2 Bb7 5. e3 Be7 6. d4 d5 7. Bd3 O-O 8. O-O Ne4 9. Nbd2 Nd7 10. Rc1 c5 11. Bb1 f5 12. dxc5 bxc5 13. Qe2 Ba6 14. Rfd1 Qe8 15. Ne5 Nxe5 16. Bxe5 Rd8 17. Nf3 Qg6 18.
Qb2 Bb7 19. Bg3 Bf6 20. Qa3 Nc3 21. Re1 Nxb1 22. Rxb1 dxc4 23. bxc4 Be4 24. Rbd1 Rc8 25.
Qxa7 Bc3 26. Rf1 Qh5 27. Nd2 Bc6 28. Nb3 Ra8 29. Qxc5 Rfc8 30. Qd6 Be4 31. Nd4 Qf7 32. Qxe6 Qxe6 33. Nxe6 Rxc4 34. f3 Bc2 35. Rd7 Bf6 36. Nf4 Rca4 37. Nd5 Rxa2 38. Nxf6+ gxf6 39. Bf4 Bd3 40. Rxd3 Re2 41. h3 Raa2 42. Kh1 Rxg2 43. Rg1 Rxg1+ 44.
Kxg1 Re2 45. Rd7 Re1+ 46. Kf2 Rh1 47. Kg3 Re1 48. Kh4 Rg1 49. Bh6 Rg6 50. Kh5 Rg3 51. h4 Rxf3 52. Rg7+ Kh8 53. Rf7 Rg3 54. Rxf6 Rg8 55. Rxf5 Re8 56. Rf8+ Rxf8 57. Bxf8 Kg8 58. Bh6 Kf7 59. Bg5 Ke6 60. Kh6 1-0

[Event "*** Titled Tuesday Blitz"]
[Site "Chess.com"]
[Date "2020.05.19"]
[Round "1"]
[White "mrkvoz"]
[Black "Crazy_girl99"]
[Result "1/2-1/2"]
[WhiteElo "2816"]
[BlackElo "2434"]
[TimeControl "180+1"]
[EndTime "12:08:24 PDT"]
[Termination "Game drawn - insufficient material"]

1. e4 e5 2. Nf3 Nc6 3. d4 exd4 4. Nxd4 Nf6 5. Nxc6 bxc6 6. Bd3 d5 7. exd5 cxd5 8. O-O Be7 9. c4 d4 10. Bg5 O-O 11.
Nd2 Rb8 12. Rb1 Be6 13. Re1 Qd7 14. Bxf6 Bxf6 15. b4 g6 16. a4 Rfe8 17. b5 Bf5 18. Qc2 Bxd3 19. Qxd3 c6 20. Qf3 Bg7 21. Qxc6 Qxc6 22. bxc6 Rxe1+ 23. Rxe1 Rc8 24. Kf1 Rxc6 25. Re8+ Bf8 26. Rd8 Ra6 27. Rxd4 Rxa4 28. Rd7 Kg7 29. g3 Bc5 30. Ne4 Rxc4 31. Ng5 Kf6 32. h4 h6 33.
Rxf7+ Ke5 34. Nf3+ Ke6 35. Rc7 Kd6 36. Rg7 Rc2 37.
Rxg6+ Kd5 38. Ke1 Rxf2 39. Nd2 Rg2 40. Nf1 Bb4+ 41. Kd1 Rf2 42. Ne3+ Ke4 43. Nc2 Rd2+ 44. Kc1 Bc3 45. Rc6 Rd3 46. g4 Rg3 47. Kb1 a5 48. Ka2 a4 49. Ka3 Kd3 50. Nb4+ Bxb4+ 51. Kxb4 Rxg4+ 52. Ka3 Rxh4 53. Re6 h5 54. Re5 Kd4 55. Rb5 Ke3 56. Rc5 Kf3 57. Rc3+ Kg4 58. Rc4+ Kg3 59. Rc3+ Kf2 60. Rc2+ Ke1 61. Rc5 Kd2 62. Ka2 Rh3 63.
Rd5+ Ke2 64. Rc5 Rd3 65. Rxh5 a3 66. Rb5 Kd2 67. Rb3 Rxb3 68. Kxb3 Kc1 69. Kxa3 1/2-1/2

[Event "*** Titled Tuesday Blitz"]
[Site "Chess.com"]
[Date "2020.05.19"]
[Round "1"]
[White "Leonid_Starozhilov"]
[Black "Ural_bogatyr"]
[Result "0-1"]
[WhiteElo "2657"]
[BlackElo "2434"]
[TimeControl "180+1"]
[EndTime "12:08:24 PDT"]
[Termination "Ural_bogatyr won by resignation"]

1. e4 e5 2. Nf3 Nc6 3. Bb5 Bc5 4. d3 Nf6 5. O-O d6 6. Be3 Bb6 7. h3 O-O 8. Nbd2 Ne7 9. Bc4 c6 10. Bb3 Ng6 11. Re1 Bc7 12. d4 exd4 13. Bxd4 d5 14. exd5 Nxd5 15. Nf1 Ngf4 16. Ng3 Qd6 17. Be5 Qh6 18.
Bxd5 Bxe5 19. Nxe5 Nxd5 20. Qf3 Be6 21. Ng4 Qf4 22. Qxf4 Nxf4 23. Ne3 g6 24. Rad1 Rad8 25. b3 Nd5 26. Nxd5 Rxd5 27. Rxd5 cxd5 28. Ne2 Re8 29.
Nd4 Kg7 30. f4 Kf6 31. Kf2 Rc8 32. Re3 h5 33. h4 Bg4 34. Ke1 a6 35. Kd2 Bf5 36.
g3 Be4 37. a3 Bg2 38. c3 Rc7 39. b4 Bf1 40. Nb3 Bc4 41. Nd4 Rc8 42. a4 b5 43.
a5 Rc7 44. Re5 Ba2 45. Re3 Bc4 46. Nf3 Ba2 47. Rd3 Bc4 48. Rd4 Re7 49. Ne5 Kf5 50. Ke3 f6 51. Kf2 fxe5 52. fxe5 Rxe5 53. Rf4+ Ke6 54.
Rf8 Rf5+ 55. Rxf5 Kxf5 56. Ke3 Ke5 57. Kd2 d4 58. Kc2 d3+ 59. Kd2 Ke4 60. Kd1 Ke3 61. Ke1 d2+ 0-1

[Event "*** Titled Tuesday Blitz"]
[Site "Chess.com"]
[Date "2020.05.19"]
[Round "1"]
[White "Perecke"]
[Black "zaur-mammadov"]
[Result "1-0"]
[WhiteElo "2274"]
[BlackElo "2538"]
[TimeControl "180+1"]
[EndTime "12:08:25 PDT"]
[Termination "Perecke won by resignation"]

1. e4 c6 2. Nf3 d5 3. Nc3 Nf6 4. e5 Ne4 5. Ne2 Qb6 6. d4 e6 7. Ng3 c5 8. c3 Nc6 9. Bd3 Nxg3 10. hxg3 cxd4 11. cxd4 h6 12. O-O Bd7 13. Be3 Nb4 14. Be2 Bb5 15. a3 Bxe2 16. Qxe2 Nc6 17. b4 Be7 18. Nh2 Rc8 19. Rac1 O-O 20. Ng4 f5 21.
exf6 Bxf6 22. Nxf6+ Rxf6 23. b5 Ne7 24. Rxc8+ Nxc8 25. Bf4 Ne7 26. Be5 Rf7 27. Rc1 Qd8 28. Bc7 Qd7 29. Bf4 Nf5 30. Rc7 Qe8 31. Qe5 Rxc7 32.
Qxc7 Qxb5 33. Qc8+ Kf7 34. Qc7+ Kg6 35. g4 Qc6 36.
gxf5+ Kxf5 37. Qf7+ Ke4 38. Be5 Kd3 39. Qxg7 a5 40.
Qg3+ Kc4 41. Qe3 Qa4 42. Bd6 Qd1+ 43. Kh2 Qh5+ 44. Kg3 Qg5+ 45. Qxg5 hxg5 46. Bc5 b5 47. f4 gxf4+ 48. Kxf4 b4 49. axb4 axb4 50. Ke5 b3 51.
Ba3 Kc3 52. g4 Kc2 53. g5 Kb1 54. g6 Ka2 55. g7 Kxa3 56. g8=Q b2 57. Qa8+ Kb3 58. Qb7+ Kc2 59. Kxe6 b1=Q 60. Qxb1+ Kxb1 61. Kxd5 Kc2 62. Kc5 Kc3 63. d5 Kd3 64. d6 Ke4 65. d7 Ke5 66. d8=Q Ke6 67. Qd6+ Kf5 68. Kd5 Kg4 69. Qe6+ Kf3 70. Ke5 Kf2 71. Qb3 Kf1 72.
Ke4 Ke2 73. Qa2+ Kd1 74. Kd3 1-0

[Event "*** Titled Tuesday Blitz"]
[Site "Chess.com"]
[Date "2020.05.19"]
[Round "1"]
[White "1Przemyslaw1"]
[Black "AnthonyWirig"]
[Result "0-1"]
[WhiteElo "2346"]
[BlackElo "2660"]
[TimeControl "180+1"]
[EndTime "12:08:26 PDT"]
[Termination "AnthonyWirig won on time"]

1. Nf3 c5 2. c4 g6 3. e4 Nc6 4. d4 cxd4 5. Nxd4 Nf6 6. Nc3 d6 7.
Be2 Nxd4 8. Qxd4 Bg7 9. Bg5 O-O 10. Qd2 Be6 11. Rc1 Qa5 12. f3 Rfc8 13. b3 a6 14. Na4 Qxd2+ 15. Kxd2 Nd7 16. g4 f6 17. Be3 f5 18. exf5 gxf5 19. h3 Rf8 20. Rhe1 Rad8 21. Nc3 d5 22. cxd5 Nf6 23. Red1 Nxd5 24. Nxd5 Bxd5 25. Ke1 e6 26. g5 f4 27. Bb6 Rd7 28. h4 h6 29. Kf2 hxg5 30. hxg5 Kf7 31. Rh1 Bc6 32. Rc2 Bd4+ 33. Bxd4 Rxd4 34. Bxa6 Kg6 35. Be2 Kxg5 36. Rc5+ Kf6 37. Rh6+ Ke7 38. Rc2 Kd6 39. Bc4 Bd5 40. Bxd5 Rxd5 41. Re2 Re8 42. Rh7 Re7 43. Rh8 Kc6 44. Rc2+ Kb6 45. Rf8 e5 46. Rf5 Rd6 47. Re2 Rde6 48. Re4 Kc5 49. Ke2 Kd6 50. Kd3 Rc7 51. Rf8 Rc5 52. Rd8+ Ke7 53. Rb8 Rc7 54. Rc4 Rd7+ 55. Ke4 Rd1 56. Kf5 Rd7 57. Re8+ Kxe8 58. Kxe6 Re7+ 59. Kd6 Kf7 0-1

[Event "*** Titled Tuesday Blitz"]
[Site "Chess.com"]
[Date "2020.05.19"]
[Round "1"]
[White "chessplayer9919"]
[Black "dosto07"]
[Result "1-0"]
[WhiteElo "2497"]
[BlackElo "2073"]
[TimeControl "180+1"]
[EndTime "12:08:26 PDT"]
[Termination "chessplayer9919 won on time"]

1. d4 d5 2. c4 dxc4 3. e3 Nf6 4. Bxc4 e6 5. Nf3 c5 6. O-O a6 7. a4 Nc6 8. Nc3 Be7 9. dxc5 Qc7 10. Qe2 O-O 11. b3 Bxc5 12. Bb2 b6 13. Rac1 Bb7 14. Rfd1 Na5 15. Na2 Qe7 16. Bd4 Bxd4 17. Nxd4 Nxc4 18. Rxc4 Rac8 19. Rdc1 Rxc4 20. Qxc4 Nd5 21. Nc3 Qg5 22.
Nf3 Qg6 23. Ne5 Qg5 24. Nf3 Qg6 25. Nxd5 Bxd5 26. Qf4 h6 27. b4 Rd8 28. h3 Kh7 29.
a5 bxa5 30. bxa5 Qd3 31. Qxf7 Bxf3 32. Qxf3 Qd7 33. Qc6 Qxc6 34. Rxc6 Rd1+ 35. Kh2 e5 36. Rxa6 Rd2 37. Kg3 e4 38. Re6 Ra2 39. a6 Kg8 40.
Rxe4 Kf7 41. Rd4 Rxa6 42. f4 Ra2 43. Kf3 g6 44. Rd6 h5 45. g4 h4 46. g5 Ra1 47.
Kg4 Ra3 48. e4 Re3 49. e5 Re4 50. Rf6+ Kg7 51. Kxh4 Rd4 52. Kg4 Re4 53. h4 Rd4 54. h5 gxh5+ 55. Kxh5 Re4 56. Kg4 Rd4 57. Kf5 Ra4 58. Rb6 Ra7 59. Rd6 Rb7 60. Rd5 Rf7+ 61. Kg4 Kg6 62. f5+ 1-0

[Event "*** Titled Tuesday Blitz"]
[Site "Chess.com"]
[Date "2020.05.19"]
[Round "1"]
[White "Klaus1995"]
[Black "Noam_Vitenberg"]
[Result "1-0"]
[WhiteElo "1796"]
[BlackElo "2450"]
[TimeControl "180+1"]
[EndTime "12:08:26 PDT"]
[Termination "Klaus1995 won by checkmate"]

1. e4 e5 2. Nf3 Nc6 3. Bc4 Bc5 4.
c3 Nf6 5. d3 a6 6. Bg5 h6 7.
Bh4 g5 8. Bg3 d6 9. h3 Be6 10.
Nbd2 Qd7 11. Qe2 O-O-O 12. O-O-O Nh5 13. Kb1 Nf4 14. Bxf4 gxf4 15. Bxe6 Qxe6 16. g3 fxg3 17.
fxg3 f5 18. Nb3 Bb6 19. exf5 Qxf5 20. g4 Qh7 21. Nh4 h5 22. g5 Rhf8 23. Rhf1 Kb8 24. Qe4 Qe7 25. Rf5 Rxf5 26. Qxf5 Rf8 27. Qg6 Qf7 28.
Qxf7 Rxf7 29. g6 Rg7 30. Rf1 Nd8 31. Nd2 Kc8 32. Ne4 Kd7 33. Nf6+ Ke6 34. Nxh5 Rg8 35. Rf6+ Ke7 36. Nf5+ Kd7 37. g7 Ne6 38. Rf7+ Kd8 39. Nh6 Ke8 40. Nf6+ Kd8 41. Nfxg8 Nxg7 42. Rxg7 Be3 43.
Rg3 Bf4 44. Rg4 Ke8 45. Nf6+ Ke7 46. Nd5+ Ke6 47. Nxf4+ exf4 48. Rxf4 Ke5 49. Rg4 Kf6 50. Ng8+ Kf7 51. Kc2 Ke6 52. d4 Kf5 53. Kd3 d5 54.
Nh6+ Kf6 55. h4 Ke6 56. Rg5 Ke7 57. Ng4 c6 58. Ne5 Ke6 59. b3 Kf6 60. c4 dxc4+ 61. bxc4 b5 62. c5 Ke6 63. a3 Kd5 64. Rg6 b4 65. Rd6# 1-0

[Event "*** Titled Tuesday Blitz"]
[Site "Chess.com"]
[Date "2020.05.19"]
[Round "1"]
[White "DarkAlekhine"]
[Black "Nastya_Rakhmangulova"]
[Result "1-0"]
[WhiteElo "2608"]
[BlackElo "2313"]
[TimeControl "180+1"]
[EndTime "12:08:29 PDT"]
[Termination "DarkAlekhine won by resignation"]

1. Nf3 d5 2. g3 c6 3. Bg2 Bg4 4.
d3 Nd7 5. O-O e5 6. Nbd2 Ngf6 7. h3 Bh5 8. e4 dxe4 9. dxe4 Be7 10.
Qe1 O-O 11. Nc4 Qc7 12. a4 Bg6 13. Nh4 Rfe8 14. Bg5 Nc5 15. Nxg6 hxg6 16. b4 Ne6 17. Bxf6 Bxf6 18. c3 Rad8 19. Qe2 Rd7 20. h4 Red8 21. Rfd1 Rxd1+ 22. Rxd1 Rxd1+ 23. Qxd1 Qd8 24. Qd6 Qxd6 25.
Nxd6 Nd8 26. a5 a6 27. Bh3 Be7 28. Nc4 f6 29. Bc8 Kf7 30. Nb6 Bd6 31. Na4 Ke7 32. Kf1 Ke8 33. Ke2 Ke7 34. Kd3 Bc7 35. Kc4 Kd6 36.
Nc5 b5+ 37. axb6 Bxb6 38. Bxa6 Bxc5 39. bxc5+ Kc7 40. Kb4 Ne6 41. Bc4 Nf8 42. Bf7 Kb7 43. Ka5 g5 44. h5 Nd7 45. Kb4 Nb8 46. Be6 Na6+ 47. Kc4 Nc7 48. Bd7 Nb5 49. Kd3 Na3 50. Ke3 Nb1 51. Kf3 Nd2+ 52. Ke3 Nc4+ 53. Ke2 Nb2 54.
Be6 Na4 55. Kf3 Nxc5 56. Ba2 Na4 57. Bb1 Kb6 58. Kg4 Nxc3 59. Bc2 Ne2 60. Kf5 Nd4+ 61. Kg6 Nxc2 62. Kxg7 Nd4 63. h6 Ne6+ 64. Kg8 g4 65. h7 c5 66. h8=Q 1-0

[Event "*** Titled Tuesday Blitz"]
[Site "Chess.com"]
[Date "2020.05.19"]
[Round "1"]
[White "AuggieWren"]
[Black "TheCavemanChesss"]
[Result "1-0"]
[WhiteElo "2289"]
[BlackElo "2553"]
[TimeControl "180+1"]
[EndTime "12:08:29 PDT"]
[Termination "AuggieWren won by resignation"]

1. Nf3 Nf6 2. c4 e6 3. Nc3 d5 4. d4 Bb4 5. cxd5 exd5 6. Bg5 h6 7. Bh4 g5 8. Bg3 Ne4 9. Nd2 Bf5 10. Ndxe4 Bxe4 11. e3 c6 12. h4 Qa5 13. Rc1 Rg8 14. hxg5 hxg5 15. Qg4 Nd7 16. a3 Bxc3+ 17. Rxc3 Qb6 18.
b4 a5 19. b5 cxb5 20. Rc7 Nf6 21. Qe2 b4 22. a4 b3 23. Qb5+ Qxb5 24. Bxb5+ Kf8 25.
Be5 b2 26. Kd2 Kg7 27. Bd3 Kg6 28. Bxf6 Bxd3 29. Kxd3 Kxf6 30. Rb1 Rh8 31. Rxb2 Rh2 32. Rbxb7 Rf8 33. Rb5 Rxg2 34. f3 Ra2 35. Rxa5 Rh8 36. Rc2 Ra3+ 37. Rc3 Ra2 38. Rc2 Ra3+ 39. Rc3 Ra1 40.
Rxd5 Rh2 41. Kc4 Rxa4+ 42. Kb5 Raa2 43. Rc6+ Kg7 44. Rxg5+ Kf8 45. Rd5 Rhb2+ 46. Kc5 Ke7 47. Re5+ Kd7 48. Rd6+ Kc7 49. Re7+ Kc8 50. Kd5 Ra5+ 51.
Ke4 f5+ 52. Kf4 Rh2 53. Rg6 Rd5 54. Rg8+ Rd8 55. Rxd8+ Kxd8 56. Re5 Kd7 57. Rxf5 Kd6 58. Re5 Rh4+ 59. Kf5 Rh1 60. Ke4 Rh4+ 61. f4 Rh1 62.
Rg5 Rf1 63. Rg6+ Ke7 64. Ke5 Kf7 65. Ra6 Rb1 66. e4 Rb5+ 67. d5 Ke7 68. Ra7+ Kd8 69. f5 Rb1 70. Ke6 Re1 71. e5 Rh1 72. d6 1-0

[Event "*** Titled Tuesday Blitz"]
[Site "Chess.com"]
[Date "2020.05.19"]
[Round "1"]
[White "pavelalexandru07"]
[Black "LizaSolovyova"]
[Result "0-1"]
[WhiteElo "2231"]
[BlackElo "2546"]
[TimeControl "180+1"]
[EndTime "12:08:29 PDT"]
[Termination "LizaSolovyova won by resignation"]

1. e4 e5 2. Nf3 d6 3. d4 Qe7 4.
Nc3 c6 5. d5 f5 6. Be2 Nf6 7. exf5 Bxf5 8. O-O Qc7 9. Re1 Be7 10.
Bf1 Nbd7 11. Nh4 Bg4 12. Be2 Bxe2 13. Rxe2 O-O 14. Nf5 Rae8 15. Nxe7+ Rxe7 16. Be3 c5 17. f3 a6 18. a4 Ref7 19. Bf2 Nh5 20. Ne4 Nf4 21.
Re1 Rf5 22. Bg3 Qb6 23. Qc1 Ng6 24. c4 Nf6 25. Qc2 Nh5 26. a5 Qd8 27. Bf2 Nhf4 28. Bg3 Rh5 29. Ra3 Qd7 30. Kh1 Nxg2 31. Kxg2 Qh3+ 32.
Kg1 Nf4 33. Bxf4 Rxf4 34. Qg2 Qd7 35. Ng3 Rg5 36. Re4 h5 37. Rae3 Qf7 38. Kh1 h4 39. Rxf4 exf4 40. Re4 hxg3 41. h3 Qf6 42. Kg1 Re5 43. Qe2 Rxe4 44. Qxe4 Qe5 45. Kg2 Qxe4 46. fxe4 Kf7 47. Kf3 g5 48. b3 Kf6 49. Kg2 Ke5 50.
Kf3 Kd4 51. Kg2 Kxe4 52. b4 cxb4 53. c5 Kxd5 54. cxd6 Kxd6 55. h4 gxh4 56. Kh3 b3 57.
Kxh4 b2 58. Kg4 b1=Q 59. Kxf4 g2 60. Kf3 g1=Q 0-1

[Event "*** Titled Tuesday Blitz"]
[Site "Chess.com"]
[Date "2020.05.19"]
[Round "1"]
[White "Lion-Al-Messi"]
[Black "Yashasd1995"]
[Result "0-1"]
[WhiteElo "2289"]
[BlackElo "2580"]
[TimeControl "180+1"]
[EndTime "12:08:31 PDT"]
[Termination "Yashasd1995 won on time"]

1. e4 d5 2. exd5 Nf6 3. d4 Bg4 4. Nf3 Nxd5 5. Be2 e6 6. O-O Nc6 7. c4 Nb6 8. Be3 Be7 9. Nc3 O-O 10. c5 Nd5 11. Nxd5 Qxd5 12. h3 Bh5 13. Qd2 Rad8 14.
Rfd1 Bf6 15. b4 h6 16. Rac1 a6 17. a4 Ne7 18. Bc4 Qd7 19. Qe2 Qxa4 20. b5 axb5 21.
Bxb5 Bxf3 22. gxf3 Qb3 23. Rb1 Qd5 24. Bc4 Qf5 25.
Rxb7 Qxh3 26. Rxc7 Nf5 27. Qf1 Qxf3 28. Be2 Qe4 29. Qg2 Qxg2+ 30. Kxg2 Bxd4 31. Bc1 Rc8 32. Rxc8 Rxc8 33. Ba3 Rc7 34. Rc1 Nh4+ 35. Kf1 Ng6 36. c6 Be5 37. Bb4 Ne7 38. Bb5 Nd5 39. Bd2 g5 40.
Ba5 Ra7 41. Bd8 Bc7 42. Bxc7 Rxc7 43. Ke2 f5 44. Kd3 Kg7 45. Kd4 Kf6 46. Kc5 h5 47. Kd6 Re7 48. Bc4 Nc7 49. Ra1 h4 50. Bf1 g4 51.
Bg2 h3 52. Bh1 e5 53. Kc5 f4 54. Rg1 Ne6+ 55. Kd6 Rg7 56. Bd5 Nc7 57. Be4 g3 58.
fxg3 fxg3 59. Rf1+ Kg5 60. Rf5+ Kg4 61. Rxe5 g2 62.
Bf5+ Kf4 63. Bxh3 g1=Q 64. Rf5+ Ke4 65. Re5+ Kd4 0-1

[Event "*** Titled Tuesday Blitz"]
[Site "Chess.com"]
[Date "2020.05.19"]
[Round "1"]
[White "GMCarbone"]
[Black "Azatic"]
[Result "1/2-1/2"]
[WhiteElo "2322"]
[BlackElo "2600"]
[TimeControl "180+1"]
[EndTime "12:08:32 PDT"]
[Termination "Game drawn by repetition"]

1. d4 Nf6 2. c4 g6 3. Nf3 Bg7 4.
g3 O-O 5. Bg2 d6 6. Nc3 Nbd7 7.
O-O e5 8. e4 exd4 9. Nxd4 Re8 10. h3 Nc5 11. Re1 a5 12. Qc2 Ne6 13. Be3 Nc5 14.
Rad1 Bd7 15. b3 Re7 16. Kh2 Qf8 17. Ndb5 Bc6 18. Bxc5 dxc5 19. f4 Nh5 20. Nd5 Bxd5 21. cxd5 c6 22. dxc6 bxc6 23. Nd6 Bd4 24. e5 Rc7 25. Ne4 a4 26. Rf1 axb3 27. axb3 Rca7 28. g4 Ra2 29. Qc4 Ng7 30. Nf6+ Kh8 31. b4 R8a4 32. f5 Bxe5+ 33. Kh1 Bxf6 34. fxg6 fxg6 35. Bxc6 Qb8 36. Qf4 Qxf4 37. Rxf4 Ra1 38. Rxa1 Rxa1+ 39. Kg2 Ra2+ 40. Kf3 Ne6 41. Rxf6 Nd4+ 42. Ke4 Nxc6 43. Rxc6 cxb4 44. Rb6 Rb2 45. h4 Kg7 46. g5 b3 47. Ke5 Re2+ 48.
Kd6 b2 49. Rb7+ Kf8 50. Rb8+ Kf7 51. Rb7+ Kf8 52. Rb8+ Re8 53. Rxb2 Kg7 54. Rb7+ Kg8 55. Re7 Rf8 56. Ke6 Rf4 57. Re8+ Kg7 58. Re7+ Kg8 59. Re8+ Kg7 60. Re7+ Kg8 1/2-1/2

[Event "*** Titled Tuesday Blitz"]
[Site "Chess.com"]
[Date "2020.05.19"]
[Round "1"]
[White "poummba"]
[Black "GM_dmitrij"]
[Result "0-1"]
[WhiteElo "2452"]
[BlackElo "2913"]
[TimeControl "180+1"]
[EndTime "12:08:34 PDT"]
[Termination "GM_dmitrij won on time"]

1. e4 e5 2. Bc4 Nf6 3. d3 c6 4. Nf3 d5 5. Bb3 a5 6. a3 a4 7. Ba2 Bd6 8. exd5 cxd5 9. Nc3 Ra5 10. Bg5 Be6 11. O-O O-O 12. Re1 Nc6 13. Bh4 h6 14. h3 Re8 15. Qd2 d4 16. Ne4 Nxe4 17. Rxe4 Qd7 18.
Bxe6 Rxe6 19. Rae1 Rb5 20. c3 dxc3 21. Qxc3 Rb3 22.
Qc2 Nd4 23. Nxd4 exd4 24. Rxe6 fxe6 25. Qc4 b5 26. Qxe6+ Qxe6 27. Rxe6 Bf4 28. Rb6 Bc1 29. Be7 Bxb2 30. Bb4 Bxa3 31. Bxa3 Rxa3 32. Rxb5 Rxd3 33.
Ra5 Rd1+ 34. Kh2 Ra1 35. Rd5 Rd1 36. Ra5 Ra1 37. Rd5 a3 38. Rxd4 Kf7 39. Ra4 Ke6 40. Ra7 g5 41. Ra6+ Kd5 42. Rxh6 Kc4 43. Ra6 Kb4 44. Ra8 Rc1 45. Rb8+ Kc3 46. Rc8+ Kb2 47. Rb8+ Ka1 48. Kg3 Rc4 49. f3 Ka2 50. Kf2 Rc2+ 51. Kg3 Rb2 52. Ra8 Kb3 53. Rb8+ Kc2 54. Rc8+ Kb1 55.
Ra8 a2 56. h4 gxh4+ 57. Kxh4 Rxg2 58. Kh3 Rc2 59. f4 Kb2 60. Rxa2+ Kxa2 61. Kg4 Kb3 62. f5 Kc4 63. f6 Kd5 64. f7 Rf2 65. Kg5 Rxf7 0-1

[Event "*** Titled Tuesday Blitz"]
[Site "Chess.com"]
[Date "2020.05.19"]
[Round "1"]
[White "AnonymousBread"]
[Black "MaxLeto"]
[Result "0-1"]
[WhiteElo "2590"]
[BlackElo "2328"]
[TimeControl "180+1"]
[EndTime "12:08:34 PDT"]
[Termination "MaxLeto won by resignation"]

1. d4 Nf6 2. Nc3 g6 3. Bf4 d5 4.
e3 Bg7 5. h4 a6 6. h5 Nxh5 7.
Rxh5 gxh5 8. Qxh5 Be6 9. Nf3 h6 10. O-O-O Nd7 11. Bd3 Nf6 12. Qh2 c6 13. Ne5 Ng4 14.
Nxg4 Bxg4 15. f3 Be6 16. e4 dxe4 17. Bxe4 Qa5 18. a3 O-O-O 19. Ne2 Qb5 20. Bd3 Qd5 21. c4 Qa5 22. Kb1 Rd7 23. Be3 Rhd8 24. Qf4 Bf6 25.
Qxh6 Bf5 26. Bxf5 Qxf5+ 27. Ka2 Qc2 28. Nc3 Bxd4 29. Bxd4 Rxd4 30. Rxd4 Rxd4 31. Qf8+ Rd8 32. Qxf7 Qd3 33. Ne4 e5 34. g4 Qd7 35. Qf6 Qd4 36.
Qe6+ Kc7 37. g5 b5 38. cxb5 axb5 39. g6 Qd5+ 40. Qxd5 cxd5 41. Nf6 e4 42. fxe4 dxe4 43.
Nxe4 Rg8 44. Nc5 Rxg6 45. Kb3 Kb6 46. Nd7+ Kb7 47. Ne5 Rg3+ 48. Kb4 Kb6 49. Nd7+ Kc6 50. Ne5+ Kb6 51. b3 Rh3 52. Nd7+ Kc6 53. Ne5+ Kb6 54. Nf7 Rh4+ 55. Kc3 Kc5 56. Ne5 Rh3+ 57. Kb2 Kd4 58.
Nc6+ Kd3 59. Ne5+ Kd4 60. Nc6+ Kd3 61. Na7 Rh2+ 62. Kb1 Kc3 63. Nxb5+ Kxb3 64. Kc1 Rh1+ 65. Kd2 Rh2+ 66. Ke3 Rh5 67. Nd4+ Kxa3 68. Nf3 Rh3 69. Kf4 Kb4 70. Kg4 Rh8 71. Kf4 Rg8 72. Ke4 Kc5 73.
Nd4 Re8+ 74. Kd3 Rd8 75. Kc3 Rxd4 0-1